[ PARTIDA AOE2 · #461189645 ]
1v1 RMBereberes vs Persians
Equipo del jugador · DERR
Equipo rival · VICT
[ ANÁLISIS DE REPETICIÓN · EXTRAÍDO DE LA PARTIDA GRABADA ]
Feudal
—
Castillos
—
Imperial
—
| APM promedio | 19.5 |
| APM pico | 31 |
| eAPM promedio | 7.5 |
| Aldeanos / militares | 12 / 0 |
Foco
⚔️ 2.6% · 🌾 97.4%
Feudal
—
Castillos
—
Imperial
—
| APM promedio | 12.4 |
| APM pico | 22 |
| eAPM promedio | 5.5 |
| Aldeanos / militares | 12 / 0 |
Foco
⚔️ 0.0% · 🌾 100.0%
Mapa de la partida
Recursos iniciales + cada clic de construcción. Líneas = muros · curvas = relieve. ◆ oro · ⬟ piedra · ● bayas · ✦ reliquia · ◌ hueco del cierre
Tu base
Base de Mountain Drew
Terreno inicial suavizado · ◌ = hueco del cierre detectado · pasá el cursor para detalles
Inputs por minuto
— River - - Mountain Drew
Build order — River
17 acciones detectadas en el replay
| 0:02 | Crear | Villager (Male) |
| 0:03 | Crear | Villager (Male) |
| 0:03 | Crear | Villager (Male) |
| 0:04 | Crear | Villager (Male) |
| 0:05 | Construir | House |
| 0:08 | Construir | House |
| 2:10 | Construir | Lumber Camp |
| 2:17 | Crear | Villager (Male) |
| 3:09 | Crear | Villager (Male) |
| 3:09 | Crear | Villager (Male) |
| 3:40 | Crear | Villager (Male) |
| 4:03 | Crear | Villager (Male) |
| 4:38 | Construir | House |
| 4:40 | Crear | Villager (Male) |
| 5:23 | Construir | Mill |
| 5:29 | Crear | Villager (Male) |
| 5:30 | Crear | Villager (Male) |
Build order — Mountain Drew
16 acciones detectadas en el replay
| 0:35 | Crear | Villager (Male) |
| 0:35 | Crear | Villager (Male) |
| 0:48 | Construir | House |
| 1:17 | Crear | Villager (Male) |
| 1:17 | Crear | Villager (Male) |
| 1:18 | Crear | Villager (Male) |
| 2:10 | Construir | House |
| 2:42 | Construir | Mill |
| 2:50 | Crear | Villager (Male) |
| 2:51 | Crear | Villager (Male) |
| 4:00 | Crear | Villager (Male) |
| 4:01 | Crear | Villager (Male) |
| 4:01 | Crear | Villager (Male) |
| 5:12 | Crear | Villager (Male) |
| 5:13 | Crear | Villager (Male) |
| 5:22 | Construir | Lumber Camp |
Cronología de la partida
| 5:38 | River · resign |
[ ANÁLISIS IA · 1 CRÉDITO ]
¿Qué pasó realmente en esta partida?
Wolo.gg analiza cada decisión: build order, eco, micro, errores típicos por bracket. Análisis personalizado por WhatsApp o Discord en 30 segundos.
Guía civ
Bereberes
Guía mapa
Arabia
Perfil
Jugador #4154988